 Dungeon Crawl Stone Soup version 0.17.1-3-g152610e (webtiles) character file.

422782 MenacingMecha the Executioner (level 23, -15/216 HPs)
             Began as a Hill Orc Fighter on Feb 25, 2016.
             Was a High Priest of Okawaru.
             Demolished by a deep troll earth mage (16 damage)
             ... while paralysed by a vampire knight
             ... on level 4 of the Depths on Feb 26, 2016.
             The game lasted 09:05:31 (64794 turns).

MenacingMecha the Executioner (Hill Orc Fighter)   Turns: 64794, Time: 09:05:31

Health: -15/216    AC: 29    Str: 26    XL:     23   Next: 74%
Magic:  39/39      EV:  4    Int:  2    God:    Okawaru [*****.]
Gold:   3322       SH:  0    Dex: 23    Spells: 5 memorised, 14 levels left

rFire  + . .     SeeInvis +     f - +11 executioner's axe of True Grit {chop, Str+4 Int+2}
rCold  . . .     Clarity  .     r - +6 chain mail "Ruosee" {rElec rN+ Int-4 Dex+3}
rNeg   + + .     SustAt   .     (shield currently unavailable)
rPois  +         Gourm    .     J - +1 hat of Xiefieps {rF+ rN+ MP+9 Dex+3}
rElec  +         Spirit   .     q - +0 cloak {rPois}
rCorr  +         Warding  .     F - +0 pair of gloves of the Orb Guardian {rElec rCorr Int-4 SInv}
rMut   +         Stasis   .     p - +2 pair of boots {run}
MR     +....                    a - amulet of resist mutation
Stlth  ..........               R - +3 ring of slaying
                                E - +6 ring of evasion

@: paralysed, quick, somewhat resistant to hostile enchantments, extremely
unstealthy
A: repulsion field 1, see invisible
a: Heroism, Finesse, Renounce Religion
}: 2/15 runes: decaying, gossamer


You were on level 4 of the Depths.
You worshipped Okawaru.
Okawaru was extremely pleased with you.
You were not hungry.

You visited 10 branches of the dungeon, and saw 52 of its levels.
You visited 1 bazaar.
You also visited: Sewer and Ice Cave.

You collected 4981 gold pieces.
You spent 1659 gold pieces at shops.

Inventory:

Hand Weapons
 f - the +11 executioner's axe of True Grit (weapon) {chop, Str+4 Int+2}
   (Okawaru gifted it to you on level 4 of the Swamp)

   It inflicts extra damage upon your enemies.
   It affects your strength (+4).
   It affects your intelligence (+2).
Missiles
 m - 4 javelins
 s - 15 steel javelins
 x - 48 tomahawks
 B - 8 poisoned javelins
 K - a steel tomahawk
 U - a javelin of penetration (quivered)
Armour
 l - a +0 pair of boots of flying
 p - a +2 pair of boots of running (worn)
 q - a +0 cloak of poison resistance (worn)
 r - the +6 chain mail "Ruosee" (worn) {rElec rN+ Int-4 Dex+3}
   (You bought it in a shop on level 4 of the Orcish Mines)

   It affects your intelligence (-4).
   It affects your dexterity (+3).
   It insulates you from electricity.
   It protects you from negative energy.
 F - the +0 pair of gloves of the Orb Guardian (worn) {rElec rCorr Int-4 SInv}
   (You found it on level 2 of the Vaults)

   It affects your intelligence (-4).
   It insulates you from electricity.
   It lets you see invisible.
   It protects you from acid and corrosion.
 J - the +1 hat of Xiefieps (worn) {rF+ rN+ MP+9 Dex+3}
   (Okawaru gifted it to you on level 4 of the Spider Nest)

   It affects your dexterity (+3).
   It protects you from fire.
   It protects you from negative energy.
   It affects your magic capacity (+9).
Jewellery
 a - an amulet of resist mutation (around neck)
 E - a +6 ring of evasion (left hand)
 G - an uncursed ring of positive energy
 R - a +3 ring of slaying (right hand)
 S - the ring "Jihaghim" {MR+ Dex+2 Stlth+}
   (You found it on level 3 of the Depths)

   [ring of dexterity]

   It affects your dexterity (+2).
   It affects your resistance to hostile enchantments.
   It makes you more stealthy.
 X - the ring of Contentment {Wiz rC+}
   (You found it on level 3 of the Vaults)

   [ring of wizardry]

   It improves your spell success rate.
   It protects you from cold.
Wands
 g - a wand of heal wounds (2)
 y - a wand of fire (5)
 D - a wand of cold (8)
 H - a wand of teleportation (4)
 P - a wand of draining (8)
 Q - a wand of digging (18)
 W - a wand of lightning (9)
 Z - a wand of confusion (29)
Scrolls
 h - 15 scrolls of identify
 i - 7 scrolls of fear
 o - 10 scrolls of teleportation
 C - 9 scrolls of recharging
 I - 4 scrolls of fog
 M - a scroll of magic mapping
 O - 4 scrolls of blinking
 T - 13 scrolls of remove curse
Potions
 j - 17 potions of curing
 n - 4 potions of heal wounds
 u - 6 potions of agility
 v - a potion of berserk rage
 w - 2 potions of haste
 z - 5 potions of resistance
 L - 9 potions of might
Miscellaneous
 b - a box of beasts
 c - a phial of floods
 t - a plain deck of escape {the Elixir}
 A - a stone of tremors
 V - a disc of storms
 Y - a plain deck of changes {the Potion}
Comestibles
 d - 3 beef jerkies
 e - 12 bread rations
 k - 12 chunks of flesh
 N - 2 slices of pizza


   Skills:
 + Level 20.2 Fighting
 + Level 23.6 Axes
 - Level 14.0 Throwing
 + Level 18.9 Armour
 + Level 15.0 Dodging
   Level 4.0 Shields
 * Level 9.8 Translocations
 - Level 10.0 Invocations
 - Level 5.1 Evocations


You had 14 spell levels left.
You knew the following spells:

 Your Spells              Type           Power        Failure   Level  Hunger
a - Apportation           Tloc           #.........   4%          1    ##.....
b - Repel Missiles        Chrm/Air       #.....       100%        2    ###....
c - Swiftness             Chrm/Air       #.......     100%        2    ###....
d - Blink                 Tloc           N/A          8%          2    ###....
e - Summon Butterflies    Summ           #.......     99%         1    ##.....


Dungeon Overview and Level Annotations

Branches:
Dungeon (15/15)            Temple (1/1) D:4            Lair (8/8) D:10
  Swamp (4/4) Lair:3       Spider (4/4) Lair:4        Slime (6/6) Lair:7
    Orc (4/4) D:12            Elf (2/3) Orc:4        Vaults (4/5) D:13
  Crypt (0/3) Vaults:3     Depths (4/5) D:15

Altars:
Ashenzari
Cheibriados
Dithmenos
Elyvilon
Fedhas
Gozag
Kikubaaqudgha
Makhleb
Nemelex Xobeh
Okawaru
Qazlal
Ru
Sif Muna
Trog
Vehumet
Xom
Yredelemnul
Zin
The Shining One
Beogh
Jiyva

Shops:
D:11 =   D:13 !   Orc:1 (   Orc:2 [:   Orc:4 ?[}(   Vaults:1 %   Vaults:2 =
Vaults:4 [}:[}   Depths:1 [   Depths:2 [

Portals:
Hell: Depths:1 Depths:2 Depths:3 Depths:4
Pandemonium: Depths:3
Ziggurat: Depths:1
Trove: Elf:2 (give 12 potions of heal wounds)

Annotations:
Lair:2 stash
Slime:6 incomplete, Royal Jelly


Innate Abilities, Weirdness & Mutations

You are surrounded by a mild repulsion field (EV +2).
You have supernaturally acute eyesight.


Message History

The deep troll earth mage bites you! The deep troll earth mage claws you!
The deep troll earth mage claws you. The deep troll barely misses you.
The deep troll barely misses you.
The deep troll claws you but does no damage.
The vampire knight hits you but does no damage.
The vampire knight bites you but does no damage.
The deep troll earth mage barely misses you.
The deep troll earth mage claws you but does no damage.
The deep troll earth mage closely misses you.
The deep troll bites you!
The deep troll claws you but does no damage. x2
The ettin hits you with a great mace!!
* * * LOW HITPOINT WARNING * * *
The ettin hits you with a great mace!!
* * * LOW HITPOINT WARNING * * *
The vampire knight hits you but does no damage.
The vampire knight bites you.
* * * LOW HITPOINT WARNING * * *
The deep troll earth mage bites you!
You die...

..# .. ....# ..# ...
....# ###..##..( ....#
.### #....(.... 8..8#
....# #....(†/ .... ###
#..## ....(
#''###.######..V##..# .
#''##......####C@#).#....
#..#..#......###TT...##
.....#######..###c....#
###.## ##.#....##..# ###
#...#..# .# ####.#.# # .#
.# .#


You could see a vampire knight, an ettin, a deep troll, a deep troll earth mage
and a centaur.

Vanquished Creatures
  Dissolution (Slime:3)
  Sojobo (Vaults:3)
  Frederick (Depths:3)
  Saint Roka (Depths:1)
  Nikola (Elf:1)
  A golden dragon (Depths:3)
  Rupert (Orc:2)
  Asterion (Elf:1)
  A deep elf blademaster (Elf:2)
  18 acid blobs
  2 sphinxes (Vaults:2)
  Gastronok (Lair:1)
  The ghost of Clownie the Severer, an adept FoFi of the Shining One (Swamp:4)
  3 thorn hunters
  Frances (Swamp:1)
  Kirke (Swamp:1)
  5 tengu reavers
  Wiglaf (Depths:3)
  13 azure jellies
  Donald (Elf:1)
  8 fire giants
  2 storm dragons
  8 vault wardens
  5 frost giants
  A balrug (Depths:2)
  4 emperor scorpions (Spider:4)
  The ghost of Starve the Peltast, a journeyman MiFE of the Shining One (Orc:3)
  4 ghost moths
  6 ironheart preservers
  5 very ugly things
  A spriggan defender (Depths:2)
  10 stone giants
  A juggernaut skeleton (D:15)
  2 vampire knights (Depths:3)
  A lorocyproca (Depths:3)
  A salamander stormcaller (Vaults:4)
  The ghost of Gargoyl the Fighter, a journeyman DsAK of Lugonu (Orc:2)
  6 dire elephants (Lair:8)
  Snorg (Lair:4)
  3 fire dragons
  6 ettins
  A crystal guardian (Vaults:3)
  9 ogre magi
  The ghost of Metrazal the Unseen, a journeyman SpAs of Elyvilon (Elf:2)
  9 vault guards
  6 death oozes
  6 entropy weavers
  A quicksilver dragon skeleton (D:15)
  5 great orbs of eyes
  10 yaktaur captains
  10 hydras
  The ghost of MenacingMecha the Basher, a journeyman GrFi of Okawaru (D:11)
  4 rakshasas
  7 centaur warriors
  6 ice dragons
  The ghost of trgk the Nimble, a novice TrFi of Qazlal (D:10)
  14 alligators
  An anaconda (Lair:8)
  3 catoblepae
  12 death yaks
  12 dancing weapons (Elf:2)
  5 tengu warriors
  4 hell knights (Depths:1)
  5 deep troll earth magi
  Urug (D:15)
  2 spriggan berserkers
  7 deep troll shamans
  3 sun demons
  Sonja (Lair:2)
  14 deep elf knights
  2 iron trolls
  7 skeletal warriors
  2 fire crabs (Vaults:2)
  18 deep trolls
  5 giant orange brains
  2 spriggan druids (Swamp:3)
  4 shambling mangroves
  2 flayed ghosts
  9 hill giants
  8 necromancers
  3 unseen horrors
  8 deep elf summoners
  13 ironbrand convokers
  A lindwurm (Lair:6)
  Pikel (D:7)
  3 swamp dragons
  26 wolf spiders
  9 deep elf conjurers
  12 orc knights
  8 orc sorcerers
  4 oklob plants (Lair:7)
  A frost giant zombie (Vaults:3)
  5 cyclopes
  3 wizards
  A tengu skeleton (Depths:2)
  25 ugly things
  3 harpies (Vaults:2)
  2 griffons
  A fire giant zombie (D:15)
  A cyclops (shapeshifter) (Depths:1)
  A sixfirhy (Depths:3)
  A faun (shapeshifter) (Depths:4)
  A rust devil (Depths:3)
  17 orb spiders
  8 shining eyes
  19 elephants
  A moth of wrath (Spider:4)
  9 hornets
  2 fire giant skeletons
  7 vault sentinels
  Maurice (D:10)
  A spriggan zombie (Depths:2)
  An octopode (shapeshifter) (Vaults:1)
  2 ice statues (IceCv)
  5 black mambas
  A gargoyle (D:10)
  3 torpor snails
  2 eyes of devastation (Slime:2)
  7 spiny frogs
  A centaur skeleton (D:10)
  An elf skeleton (D:15)
  A kobold demonologist (D:14)
  8 komodo dragons
  36 jumping spiders
  6 tengu conjurers
  36 yaktaurs
  12 trolls
  A queen bee (Lair:4)
  An entropy weaver zombie (Vaults:3)
  13 demonic crawlers
  A guardian mummy (D:15)
  4 fire drakes
  A human skeleton (Vaults:1)
  A merfolk (shapeshifter) (Depths:3)
  15 deep elf priests
  A wolf spider simulacrum (D:14)
  8 freezing wraiths
  25 blink frogs
  10 two-headed ogres
  5 giant leeches
  An ice dragon zombie (Depths:1)
  156 slime creatures
  5 large abominations (Depths:3)
  6 boulder beetles
  4 bog bodies
  6 spriggans
  15 trapdoor spiders
  A fire dragon skeleton (Depths:1)
  Sigmund (D:3)
  5 shadows
  24 deep elf fighters
  15 wyverns
  39 yaks
  2 ettin skeletons
  2 wraiths
  59 redbacks
  6 water elementals
  6 hogs (Swamp:1)
  A neqoxec (Depths:3)
  32 tarantellas
  2 vampires (D:14)
  2 steam dragons
  39 wolves
  26 deep elf magi
  A human (shapeshifter) (Vaults:1)
  A human simulacrum (Vaults:3)
  19 hippogriffs
  2 hungry ghosts
  Grum (D:11)
  3 mottled dragons
  7 basilisks
  A hog (shapeshifter) (Depths:1)
  7 golden eyes
  Menkaure (D:7)
  A chaos spawn (Depths:3)
  A yaktaur simulacrum (Vaults:1)
  13 vampire mosquitoes
  24 swamp worms
  4 wargs
  3 hell hounds (D:14)
  7 swamp worm simulacra (Swamp:4)
  9 porcupines
  Duvessa (D:4)
  8 water moccasins
  An ice dragon simulacrum (Depths:1)
  43 orc warriors
  14 hydra simulacra (Swamp:4)
  19 ice beasts
  A black bear (shapeshifter) (Depths:3)
  4 sky beasts
  13 spiders
  8 swamp drakes
  A phantom (D:12)
  12 eyes of draining
  8 boggarts
  A black bear (Lair:2)
  17 wasps
  19 crocodiles
  28 centaurs
  20 giant frogs
  44 ogres
  7 small abominations (Depths:3)
  Blork the orc (D:4)
  2 human zombies
  A brain worm (D:14)
  3 big kobolds
  A giant frog (shapeshifter) (Vaults:2)
  2 wyvern zombies
  A wyvern skeleton (D:10)
  Dowan (D:4)
  6 scorpions
  40 killer bees
  7 wights
  A wasp zombie (D:10)
  9 crimson imps
  4 electric eels
  A giant frog zombie (D:8)
  4 quasits
  A centaur zombie (D:11)
  19 orc priests
  36 jellies
  An iron imp (Depths:3)
  3 giant frog skeletons
  Jessica (D:2)
  18 worker ants
  10 iguanas
  17 hounds
  40 orc wizards
  32 sheep
  A wasp simulacrum (D:12)
  A hound zombie (D:5)
  A hound skeleton (D:5)
  Robin (D:2)
  16 adders
  53 river rats
  5 shadow imps
  A swamp drake simulacrum (Swamp:4)
  An adder zombie (D:7)
  4 worms
  An adder skeleton (D:4)
  7 giant geckos
  217 orcs
  8 giant cockroaches
  11 hobgoblins
  5 quokkas
  10 bats
  2 giant gecko skeletons (D:5)
  A giant gecko zombie (D:9)
  3 giant newts
  18 goblins
  11 jackals
  20 kobolds
  8 rats
  16 briar patches
  2 crawling corpses (Elf:2)
  2 fire vortices (Vaults:4)
  5 fungi
  6 plants
2287 creatures vanquished.

Vanquished Creatures (others)
  A deep elf knight (Elf:1)
  A deep elf conjurer (Elf:1)
  A deep elf priest (Elf:1)
  A slime creature (Slime:5)
  4 spriggans
  3 wasps (Swamp:4)
  A swamp drake (Swamp:3)
  An orc warrior (Orc:4)
  3 ogres
  A hound (D:5)
  3 orcs
  A quokka (D:5)
  A briar patch (Swamp:4)
  11 fungi
  7 plants
40 creatures vanquished.

Grand Total: 2327 creatures vanquished

Notes
Turn   | Place    | Note
--------------------------------------------------------------
     0 | D:1      | MenacingMecha the Hill Orc Fighter began the quest for the Orb.
     0 | D:1      | Reached XP level 1. HP: 19/19 MP: 1/1
   509 | D:1      | Reached XP level 2. HP: 17/26 MP: 2/2
   768 | D:1      | Reached skill level 4 in Axes
  1176 | D:2      | Reached XP level 3. HP: 29/31 MP: 3/3
  1329 | D:2      | Reached skill level 5 in Axes
  1525 | D:2      | Reached XP level 4. HP: 39/39 MP: 4/4
  1584 | D:2      | Noticed Robin
  1593 | D:2      | Killed Robin
  1874 | D:2      | Reached skill level 6 in Axes
  1882 | D:2      | Noticed Jessica
  2326 | D:2      | Killed Jessica
  2559 | D:3      | Reached XP level 5. HP: 41/45 MP: 5/5
  2587 | D:3      | Reached skill level 7 in Axes
  2761 | D:3      | Noticed Sigmund
  2768 | D:3      | Killed Sigmund
  2768 | D:3      | Reached skill level 8 in Axes
  2768 | D:3      | Reached XP level 6. HP: 43/51 MP: 6/6
  3311 | D:4      | Reached skill level 9 in Axes
  3440 | D:4      | Found a stormy altar of Qazlal.
  3701 | D:4      | Found a staircase to the Ecumenical Temple.
  3701 | D:4      | Noticed Blork the orc
  3710 | D:4      | Killed Blork the orc
  3710 | D:4      | Reached XP level 7. HP: 42/57 MP: 7/7
  3791 | Temple   | Entered the Ecumenical Temple
  3845 | D:4      | Noticed Duvessa
  3845 | D:4      | Noticed Dowan
  3848 | D:4      | Killed Dowan
  3848 | D:4      | Reached skill level 10 in Axes
  3854 | D:4      | Killed Duvessa
  4070 | D:4      | Found a burning altar of Makhleb.
  4070 | D:4      | Found a sparkling altar of Nemelex Xobeh.
  4070 | D:4      | Found a shadowy altar of Dithmenos.
  4210 | D:4      | Reached skill level 11 in Axes
  4285 | D:4      | Reached skill level 17 in Axes
  4285 | D:4      | Reached XP level 8. HP: 64/64 MP: 8/8
  4287 | D:5      | Entered Level 5 of the Dungeon
  4330 | D:5      | Found a shimmering altar of Xom.
  4370 | D:5      | Reached skill level 1 in Throwing
  4370 | D:5      | Reached XP level 9. HP: 5/71 MP: 9/9
  4587 | D:5      | Found a shattered altar of Ashenzari.
  4630 | D:5      | Found a deep blue altar of Sif Muna.
  4631 | D:5      | Found a glowing silver altar of Zin.
  4706 | D:5      | Found a glowing drain.
  4730 | Sewer    | Entered a sewer
  4998 | D:5      | Reached skill level 1 in Dodging
  6087 | D:6      | Found a snail-covered altar of Cheibriados.
  6580 | D:7      | Noticed Menkaure
  6761 | D:7      | Killed Menkaure
  6761 | D:7      | Reached skill level 5 in Fighting
  6842 | D:7      | Found a basalt altar of Yredelemnul.
  6846 | D:7      | Noticed Pikel
  6862 | D:7      | Killed Pikel
  6862 | D:7      | Reached skill level 5 in Armour
  6862 | D:7      | Reached XP level 10. HP: 77/81 MP: 10/10
  6889 | D:7      | Found an iron altar of Okawaru.
  6894 | D:7      | Became a worshipper of Warmaster Okawaru
  7430 | D:8      | Reached * piety under Okawaru
  7595 | D:8      | Found a shattered altar of Ashenzari.
  8380 | D:9      | Reached ** piety under Okawaru
  8487 | D:9      | Found a glowing golden altar of the Shining One.
  8770 | D:9      | Reached XP level 11. HP: 63/91 MP: 11/11
  9165 | D:10     | Entered Level 10 of the Dungeon
  9187 | D:10     | Found a staircase to the Lair.
  9203 | D:9      | Reached *** piety under Okawaru
  9810 | D:10     | Reached **** piety under Okawaru
  9810 | D:10     | Reached skill level 5 in Throwing
 10151 | D:10     | Reached skill level 1 in Invocations
 10233 | D:10     | Noticed Maurice
 10461 | D:10     | Noticed trgk's ghost (novice TrFi)
 10575 | Lair:1   | Entered Level 1 of the Lair of Beasts
 10662 | Lair:1   | Reached ***** piety under Okawaru
 11012 | Lair:1   | Reached skill level 5 in Dodging
 11538 | Lair:1   | Reached skill level 5 in Invocations
 11711 | Lair:1   | Received a gift from Okawaru
 11722 | Lair:1   | Reached XP level 12. HP: 32/103 MP: 16/16
 12120 | Lair:1   | Noticed Gastronok
 12152 | Lair:1   | Killed Gastronok
 13066 | Lair:2   | Noticed Sonja
 13075 | Lair:2   | Killed Sonja
 13509 | Lair:2   | Identified a scroll of acquirement
 13524 | Lair:2   | Gained mutation: You have a pair of small horns on your head. [potion of mutation]
 13524 | Lair:2   | Lost mutation: You have a pair of small horns on your head. [potion of mutation]
 13524 | Lair:2   | Gained mutation: You are surrounded by a mild repulsion field (EV +2). [potion of mutation]
 14005 | Lair:3   | Received a gift from Okawaru
 14261 | Lair:3   | Reached skill level 10 in Fighting
 14261 | Lair:3   | Reached skill level 1 in Evocations
 14286 | Lair:3   | Found a staircase to the Swamp.
 14378 | Lair:3   | Received a gift from Okawaru
 14478 | Lair:2   | Reached ****** piety under Okawaru
 14678 | Lair:3   | Received a gift from Okawaru
 14694 | Lair:4   | Received a gift from Okawaru
 14917 | Lair:4   | Reached XP level 13. HP: 100/114 MP: 18/18
 15545 | Lair:4   | Noticed Snorg
 15557 | Lair:4   | Killed Snorg
 15575 | Lair:4   | Found a hole to the Spider Nest.
 15652 | Lair:4   | Received a gift from Okawaru
 15686 | Lair:4   | Got a twisted hat {god gift}
 15702 | Lair:4   | Identified the +0 hat of the Little Devil {rC- rN+ Str+3 Stlth+} (Okawaru gifted it to you on level 4 of the Lair of Beasts)
 15870 | Lair:4   | Noticed a four-headed hydra
 15875 | Lair:4   | Killed a four-headed hydra
 15972 | Lair:4   | Noticed a catoblepas
 15979 | Lair:4   | Killed a catoblepas
 15979 | Lair:4   | Reached skill level 5 in Evocations
 16168 | D:11     | Reached skill level 10 in Armour
 16172 | D:11     | Noticed MenacingMecha's ghost (journeyman GrFi)
 16191 | D:11     | Killed MenacingMecha's ghost
 16388 | D:11     | Noticed Grum
 16396 | D:11     | Killed Grum
 16485 | D:11     | Found Jonej's Jewellery Emporium.
 16488 | D:11     | Bought an uncursed ring of see invisible for 195 gold pieces
 16488 | D:11     | Bought a +3 ring of slaying for 585 gold pieces
 17527 | D:12     | Received a gift from Okawaru
 17527 | D:12     | Reached XP level 14. HP: 69/125 MP: 19/19
 17912 | D:12     | Noticed a frost giant
 17923 | D:12     | Killed a frost giant
 17923 | D:12     | Reached skill level 18 in Axes
 17955 | D:12     | Noticed an ettin
 17972 | D:12     | Killed an ettin
 17981 | D:12     | Received a gift from Okawaru
 18483 | D:12     | Found a staircase to the Orcish Mines.
 19140 | Orc:1    | Entered Level 1 of the Orcish Mines
 19571 | Orc:1    | Found a roughly hewn altar of Beogh.
 19654 | Orc:2    | Noticed Gargoyl's ghost (journeyman DsAK)
 19695 | Orc:2    | Killed Gargoyl's ghost
 19768 | Orc:1    | Found a frozen archway.
 19796 | IceCv    | Entered an ice cave
 20616 | Orc:1    | Found a bloodstained altar of Trog.
 20688 | Orc:1    | Found Xisuq's Antique Weapon Emporium.
 21131 | Orc:2    | Found Did Egae's Book Shoppe.
 21840 | Orc:3    | Noticed Starve's ghost (journeyman MiFE)
 21895 | Orc:3    | Killed Starve's ghost
 21895 | Orc:3    | Received a gift from Okawaru
 22115 | Orc:2    | Noticed Rupert
 22128 | Orc:2    | Killed Rupert
 22241 | Orc:2    | Found Saesydau's Armour Shoppe.
 22383 | D:12     | Received a gift from Okawaru
 22741 | D:13     | Found Rituas's Distillery.
 22748 | D:13     | Reached skill level 19 in Axes
 23037 | D:13     | Found a gate to the Vaults.
 23118 | D:14     | Reached XP level 15. HP: 127/135 MP: 20/20
 23277 | D:14     | Received a gift from Okawaru
 23481 | D:14     | Learned a level 1 spell: Apportation
 24625 | Lair:5   | Identified the Guide on Venom
 25508 | Lair:6   | Received a gift from Okawaru
 25564 | Lair:6   | Learned a level 2 spell: Repel Missiles
 25567 | Lair:6   | Learned a level 2 spell: Swiftness
 26023 | Lair:6   | Reached skill level 20 in Axes
 26460 | Lair:7   | Found a staircase to the Slime Pits.
 27218 | Lair:8   | Entered Level 8 of the Lair of Beasts
 27453 | Lair:7   | Received a gift from Okawaru
 27760 | Lair:8   | Reached skill level 10 in Dodging
 27854 | Lair:8   | Reached XP level 16. HP: 145/145 MP: 21/21
 28706 | Lair:8   | Received a gift from Okawaru
 29322 | Orc:4    | Entered Level 4 of the Orcish Mines
 29448 | Orc:4    | Found a roughly hewn altar of Beogh.
 29754 | Orc:4    | Found Ceocwof's Gadget Shoppe.
 29754 | Orc:4    | Found Plog's Armour Shop.
 29756 | Orc:4    | Found Xemyph's Magic Scroll Boutique.
 29758 | Orc:4    | Found Dinitzau's Weapon Emporium.
 29820 | Orc:4    | Bought the +6 chain mail "Ruosee" {rElec rN+ Int-4 Dex+3} for 708 gold pieces
 30269 | Orc:4    | Found a staircase to the Elven Halls.
 30928 | D:10     | Killed trgk's ghost
 31083 | D:10     | Killed Maurice
 31204 | Swamp:1  | Entered Level 1 of the Swamp
 31236 | Swamp:1  | Noticed Kirke
 31284 | Swamp:1  | Noticed a sphinx
 31355 | Swamp:1  | Killed Kirke
 31355 | Swamp:1  | Received a gift from Okawaru
 31512 | Swamp:1  | Noticed Frances
 31526 | Swamp:1  | Killed Frances
 31526 | Swamp:1  | Reached skill level 10 in Throwing
 31907 | Swamp:1  | Reached skill level 1 in Translocations
 32006 | Swamp:2  | Received a gift from Okawaru
 32291 | Swamp:2  | Identified a +4 rod of ignition (13/13) (You found it on level 2 of the Swamp)
 32691 | Swamp:2  | Reached skill level 15 in Fighting
 32808 | Swamp:2  | Reached XP level 17. HP: 153/156 MP: 22/22
 33939 | Swamp:3  | Received a gift from Okawaru
 34633 | Spider:1 | Entered Level 1 of the Spider Nest
 34691 | Spider:1 | Received a gift from Okawaru
 35396 | Spider:1 | Got a heavily runed ring mail
 35397 | Spider:1 | Identified the +1 ring mail "Ciosap" {-Tele *Corrode rPois MP+9} (You found it on level 1 of the Spider Nest)
 35443 | Spider:1 | Reached skill level 5 in Translocations
 35737 | Spider:1 | Received a gift from Okawaru
 35895 | Spider:1 | Received a gift from Okawaru
 36384 | Spider:2 | You fall through a shaft!
 36391 | Spider:3 | Received a gift from Okawaru
 37058 | Spider:3 | Learned a level 2 spell: Blink
 37748 | Spider:2 | Reached XP level 18. HP: 138/166 MP: 0/23
 38473 | D:15     | Entered Level 15 of the Dungeon
 38611 | D:15     | Found a staircase to the Depths.
 38737 | D:15     | Noticed Urug
 38743 | D:15     | Killed Urug
 39144 | D:15     | Found a burning altar of Makhleb.
 39574 | Swamp:4  | Entered Level 4 of the Swamp
 39862 | Swamp:4  | Received a gift from Okawaru
 39863 | Swamp:4  | Got a faintly glowing executioner's axe {god gift}
 39864 | Swamp:4  | Identified the +11 executioner's axe of True Grit {chop, Str+4 Int+2} (Okawaru gifted it to you on level 4 of the Swamp)
 40034 | Swamp:4  | Noticed Clownie's ghost (adept FoFi)
 40058 | Swamp:4  | Killed Clownie's ghost
 40948 | Swamp:4  | Reached skill level 15 in Armour
 41115 | Swamp:4  | Got a decaying rune of Zot
 41570 | Elf:1    | Entered Level 1 of the Elven Halls
 41588 | Elf:1    | Found a radiant altar of Vehumet.
 42160 | Elf:1    | Noticed Asterion
 42176 | Elf:1    | Killed Asterion
 42176 | Elf:1    | Received a gift from Okawaru
 42382 | Elf:1    | Received a gift from Okawaru
 42744 | Elf:1    | Noticed Nikola
 42762 | Elf:1    | Killed Nikola
 42791 | Elf:1    | Noticed Donald
 42799 | Elf:1    | Killed Donald
 43165 | Elf:2    | Noticed Metrazal's ghost (journeyman SpAs)
 43169 | Elf:2    | Killed Metrazal's ghost
 43230 | Elf:2    | Found a runed gate.
 43236 | Elf:2    | Found a runed gate.
 43236 | Elf:2    | Found a runed gate.
 43354 | Elf:2    | Found a portal to a secret trove of treasure.
 43449 | Elf:2    | Received a gift from Okawaru
 43459 | Elf:2    | Got a bloodstained scale mail {god gift}
 43460 | Elf:2    | Identified the +2 scale mail of Sovereignty {MR- MP+9 Int+2 Dex+3} (Okawaru gifted it to you on level 2 of the Elven Halls)
 43727 | Elf:2    | Reached XP level 19. HP: 168/174 MP: 24/24
 44721 | Spider:4 | Entered Level 4 of the Spider Nest
 45455 | Spider:4 | Received a gift from Okawaru
 45456 | Spider:4 | Got a heavily runed hat {god gift}
 45467 | Spider:4 | Identified the +1 hat of Xiefieps {rF+ rN+ MP+9 Dex+3} (Okawaru gifted it to you on level 4 of the Spider Nest)
 45867 | Spider:4 | Got a gossamer rune of Zot
 46352 | Vaults:1 | Entered Level 1 of the Vaults
 46592 | Vaults:1 | Reached skill level 21 in Axes
 47044 | Vaults:1 | Received a gift from Okawaru
 47231 | Vaults:1 | Found Sysoseleus's Food Shop.
 47927 | Vaults:2 | Reached XP level 20. HP: 174/184 MP: 25/25
 48245 | Vaults:2 | Got a pair of bloodstained gloves
 48256 | Vaults:2 | Identified the cursed +0 pair of gloves of the Orb Guardian {rElec rCorr Int-4 SInv} (You found it on level 2 of the Vaults)
 48937 | Vaults:2 | Received a gift from Okawaru
 49367 | Vaults:2 | Gained mutation: You have supernaturally acute eyesight. [potion of beneficial mutation]
 49499 | Vaults:2 | Found Inuorch's Jewellery Shoppe.
 50157 | Vaults:3 | Received a gift from Okawaru
 50385 | Vaults:3 | Received a gift from Okawaru
 50727 | Vaults:3 | Found a staircase to the Crypt.
 50727 | Vaults:3 | Found an ancient bone altar of Kikubaaqudgha.
 50728 | Vaults:3 | Found a basalt altar of Yredelemnul.
 50807 | Vaults:3 | Noticed Sojobo
 50824 | Vaults:3 | Killed Sojobo
 51253 | Vaults:3 | Got a heavily runed copper ring
 51255 | Vaults:3 | Identified the ring of Contentment {Wiz rC+} (You found it on level 3 of the Vaults)
 51517 | Vaults:3 | Identified Duma Tesk's Almanac of Translocation
 51540 | Vaults:3 | Lost intelligence.
 51665 | Vaults:3 | Received a gift from Okawaru
 51704 | Vaults:3 | Got a pair of fine gloves {god gift}
 51715 | Vaults:3 | Identified the +2 pair of gloves of the Evening {rF- rN+ Stlth+} (Okawaru gifted it to you on level 3 of the Vaults)
 51946 | Vaults:4 | Reached XP level 21. HP: 180/195 MP: 26/26
 51961 | Vaults:4 | Found Leprytiu's Book Boutique.
 51982 | Vaults:4 | Found Nulo's Antique Armour Emporium.
 51990 | Vaults:4 | Bought a pair of glowing boots for 171 gold pieces
 52004 | Vaults:4 | Identified a +1 pair of boots of running (You bought it in a shop on level 4 of the Vaults)
 52146 | Vaults:4 | Found Tyturokh's Gadget Shop.
 52153 | Vaults:4 | Found Jecawag's Armour Emporium.
 52486 | Vaults:4 | Reached skill level 22 in Axes
 52506 | Vaults:4 | Learned a level 1 spell: Summon Butterflies
 53221 | Vaults:4 | Found Qakh's Gadget Emporium.
 53824 | Slime:1  | Entered Level 1 of the Pits of Slime
 54172 | Slime:2  | Found a viscous altar of Jiyva.
 54227 | Slime:2  | Received a gift from Okawaru
 54466 | Slime:3  | Noticed Dissolution
 54476 | Slime:3  | Killed Dissolution
 54476 | Slime:3  | Received a gift from Okawaru
 56363 | Slime:4  | Reached XP level 22. HP: 205/205 MP: 28/28
 56832 | Slime:5  | Received a gift from Okawaru
 57410 | Slime:6  | Entered Level 6 of the Pits of Slime
 57463 | Slime:6  | Noticed the royal jelly
 58587 | Slime:4  | Received a gift from Okawaru
 58823 | Slime:4  | Got a steaming quarterstaff {god gift}
 59456 | Depths:1 | Entered Level 1 of the Depths
 59541 | Depths:1 | Found Ydul's Specialty Armours.
 59773 | Depths:1 | Found a gateway to a ziggurat.
 59861 | Depths:1 | Noticed Saint Roka
 60115 | Depths:1 | Killed Saint Roka
 60115 | Depths:1 | Received a gift from Okawaru
 60350 | Depths:1 | Found a gateway to Hell.
 60410 | Depths:1 | Received a gift from Okawaru
 60415 | Depths:1 | Reached skill level 23 in Axes
 60774 | Depths:2 | Found Teol's Armour Shoppe.
 60970 | Depths:2 | Reached XP level 23. HP: 167/215 MP: 30/30
 60995 | Depths:2 | Reached skill level 10 in Invocations
 61633 | Depths:2 | Received a gift from Okawaru
 61650 | Depths:2 | Got a distressingly furry hat {god gift}
 61661 | Depths:2 | Identified the +0 hat of Negation {Str+6 Stlth+} (Okawaru gifted it to you on level 2 of the Depths)
 62449 | Depths:3 | Paralysed by a vampire knight for 6 turns
 62623 | Depths:3 | Got a sparkling bone ring
 62631 | Depths:3 | Identified the ring "Jihaghim" {MR+ Dex+2 Stlth+} (You found it on level 3 of the Depths)
 62678 | Depths:3 | Noticed Frederick
 62689 | Depths:3 | Killed Frederick
 62721 | Depths:3 | Found a flickering gateway to a bazaar.
 62726 | Bazaar   | Entered a bazaar
 62726 | Bazaar   | Found Neolib's Book Shop.
 62726 | Bazaar   | Found Kaphum's Magic Scroll Boutique.
 62726 | Bazaar   | Found Radurr's Distillery.
 62726 | Bazaar   | Found Ejeuff's Antique Weapon Boutique.
 62726 | Bazaar   | Found Ukewaq's Jewellery Boutique.
 62726 | Bazaar   | Found Arhod's Magic Scroll Shop.
 62879 | Depths:3 | Found a one-way gate leading to the halls of Pandemonium.
 63288 | Depths:3 | Noticed Wiglaf
 63298 | Depths:3 | Killed Wiglaf
 64194 | Depths:4 | Reached skill level 15 in Dodging
 64408 | Depths:4 | Paralysed by a great orb of eyes for 2 turns
 64789 | Depths:4 | Paralysed by a vampire knight for 5 turns
 64793 | Depths:4 | HP: 6/216 [ettin/great mace (35)]
 64794 | Depths:4 | HP: 1/216 [vampire knight/glaive (5)]
 64794 | Depths:4 | Demolished by a deep troll earth mage

Action                   |  1- 3 |  4- 6 |  7- 9 | 10-12 | 13-15 | 16-18 | 19-21 | 22-24 || total
-------------------------+-------+-------+-------+-------+-------+-------+-------+-------++-------
Melee: War axe           |   152 |   114 |   275 |   734 |       |       |       |       ||  1275
       Unarmed           |       |    11 |       |       |       |       |       |       ||    11
       Battleaxe         |       |       |       |    83 |   887 |   729 |       |       ||  1699
       Broad axe         |       |       |       |   142 |   492 |   419 |       |       ||  1053
       Hand axe          |       |       |       |       |       |    11 |       |       ||    11
       Executioner's axe |       |       |       |       |       |   295 |   986 |   773 ||  2054
Throw: Tomahawk          |       |     2 |     5 |    21 |    52 |    56 |     7 |    11 ||   154
       Javelin           |       |       |       |     2 |    72 |    68 |    43 |     4 ||   189
 Cast: Apportation       |       |       |       |       |       |     3 |     2 |       ||     5
Invok: Heroism           |       |       |       |     1 |     1 |       |       |       ||     2
       Finesse           |       |       |       |     1 |     5 |     2 |     4 |     3 ||    15
Evoke: Wand              |       |       |     4 |    15 |    25 |       |       |     1 ||    45
       Rod               |       |       |       |       |       |     5 |       |       ||     5
  Use: Potion            |       |     8 |     5 |     3 |     1 |     6 |     2 |       ||    25
       Scroll            |       |     6 |     8 |    10 |    11 |    13 |    11 |     2 ||    61
 Stab: Distracted        |       |       |       |     1 |       |     1 |       |     1 ||     3
       Confused          |       |       |       |       |       |     2 |       |       ||     2
  Eat: Chunk             |     2 |     6 |    11 |    23 |    32 |    32 |    19 |    14 ||   139
       Pizza             |       |     1 |       |     1 |     1 |     3 |     1 |       ||     7
       Royal jelly       |       |       |       |     1 |       |     2 |     1 |     1 ||     5
       Beef jerky        |       |       |       |     1 |       |     4 |     2 |     1 ||     8
       Bread ration      |       |       |       |       |     1 |     1 |     2 |     2 ||     6
       Meat ration       |       |       |       |       |     1 |     1 |     1 |       ||     3
